 Dungeon Crawl Stone Soup version 0.29-a0-653-gd47aff6735 (webtiles) character file.

Game seed: 15675466605620433177

96316 buhh the Warrior (level 16, -3/133 HPs)
             Began as a Formicid Hunter on June 22, 2022.
             Was the Champion of Hepliaklqana.
             Slain by a hell knight
             ... wielding a +5 war axe
              (23 damage)
             ... on level 1 of the Depths.
             The game lasted 01:17:01 (23928 turns).

buhh the Warrior (Formicid Hunter)                 Turns: 23928, Time: 01:17:02

Health: -3/133     AC: 19    Str: 19    XL:     16   Next: 66%
Magic:  23/23      EV: 10    Int:  8    God:    Hepliaklqana [******]
Gold:   517        SH: 15    Dex: 29    Spells: 15/15 levels left

rFire   . . .      SeeInvis +   b - +6 arbalest "Damnation" {damnation}
rCold   + + .      Faith    .   c - +2 buckler
rNeg    . . .      Spirit   .   d - +0 ice dragon scales
rPois   +          Reflect  +   (helmet unavailable)
rElec   .          Harm     .   E - +2 cloak {rPois}
rCorr   .          Rampage  .   z - +1 pair of gloves
Will    +....                   (no boots)
Stlth   +.........              s - amulet of reflection
HPRegen 0.32/turn               e - +6 ring of dexterity
MPRegen 0.18/turn               x - ring of protection from fire

@: no status effects
A: reduced essence, permanent stasis, dig shafts and tunnels, antennae 3, four
strong arms
a: Dig, Shaft Self, Renounce Religion, Recall Ancestor, Ancestor Identity,
Transference, Idealise


You were on level 1 of the Depths.
You worshipped Hepliaklqana.
Hepliaklqana was exalted by your worship.
You visited 6 branches of the dungeon, and saw 26 of its levels.
You also visited: Bailey.

You collected 2764 gold pieces.
You spent 2247 gold pieces at shops.

Inventory:

Hand Weapons
 a - a +1 hand crossbow
 b - the +6 arbalest "Damnation" (weapon) {damnation}
   (You acquired it on level 1 of the Dungeon)

   Any ammunition fired from it explodes in a burst of damnation on striking a
   foe, dealing damage which bypasses armour.
Missiles
 m - 8 atropa-tipped darts
 G - a throwing net {!f}
 I - 11 curare-tipped darts
Armour
 c - a +2 buckler (worn)
 d - +0 ice dragon scales (worn)
 p - a +1 cloak of willpower
 z - a +1 pair of gloves (worn)
 E - a +2 cloak of poison resistance (worn)
Magical Staves
 O - a staff of poison
Jewellery
 e - a +6 ring of dexterity (left hand)
 h - an amulet of regeneration
 q - a ring of protection from cold
 s - an amulet of reflection (around neck)
 x - a ring of protection from fire (right hand)
 A - a ring of willpower
 C - a +6 ring of dexterity
 S - the amulet of Enimyul {Spirit rElec rPois}
   (You found it on level 2 of the Lair of Beasts)

   [amulet of guardian spirit]

   It causes incoming damage to be divided between your reserves of health and
   magic.
   rElec:     It insulates you from electricity.
   rPois:     It protects you from poison.
 W - a +6 ring of dexterity
Wands
 l - a wand of flame (15)
 n - a wand of iceblast (4)
 o - a wand of charming (30)
 t - a wand of polymorph (13)
 u - a wand of mindburst (7)
 v - a wand of digging (13)
 D - a wand of acid (4)
Scrolls
 g - 5 scrolls of identify {!d}
 i - a scroll of brand weapon
 r - 4 scrolls of poison
 w - 3 scrolls of fear {!r}
 y - 3 scrolls of summoning
 F - 2 scrolls of enchant weapon
 P - 3 scrolls of magic mapping {!r!d}
 Q - 3 scrolls of silence {!r}
 R - a scroll of torment
 T - 3 scrolls of immolation {!d}
 X - 3 scrolls of amnesia
 Z - 10 scrolls of enchant armour
Potions
 f - 4 potions of might
 j - 8 potions of degeneration
 k - 6 potions of flight
 B - 5 potions of ambrosia {!q!d}
 H - 7 potions of invisibility {!q!d}
 J - 3 potions of magic {!q!d}
 K - 3 potions of brilliance {!q!d}
 L - a potion of resistance {!q!d}
 M - a potion of heal wounds {!q!d}
 N - 27 potions of curing {!q!d}
 U - 2 potions of mutation {!d}
 V - 2 potions of cancellation {!q!d}
Miscellaneous
 Y - a phial of floods


   Skills:
 - Level 20.0 Fighting
 - Level 17.0 Crossbows
 * Level 10.6 Armour
 - Level 1.7 Dodging
 - Level 1.2 Stealth
 - Level 8.1 Shields
 - Level 10.0 Invocations


You had 15 spell levels left.
You didn't know any spells.
Your spell library contained the following spells:

 Spells                   Type           Power      Damage    Failure   Level
 Magic Dart               Conj           0%         1d3       83%         1
 Slow                     Hex            0%         N/A       83%         1
 Ensorcelled Hibernation  Hex/Ice        0%         N/A       92%         2
 Passwall                 Tmut/Erth      0%         N/A       92%         2
 Searing Ray              Conj           0%         2d4       92%         2
 Confusing Touch          Hex            0%         N/A       99%         3
 Lesser Beckoning         Tloc           0%         N/A       99%         3
 Portal Projectile        Hex/Tloc       0%         N/A       99%         3
 Stone Arrow              Conj/Erth      0%         3d7       99%         3
 Tukima's Dance           Hex            0%         N/A       99%         3
 Vampiric Draining        Necr           0%         2d6       99%         3
 Airstrike                Air            0%         N/A       100%        4
 Animate Armour           Summ/Erth      0%         N/A       100%        4
 Corpse Rot               Necr/Pois/Air  0%         N/A       100%        4
 Dispel Undead            Necr           0%         3d6       100%        4
 Fulminant Prism          Conj/Hex       0%         3d6       100%        4
 Summon Lightning Spire   Summ/Air       0%         N/A       100%        4
 Blade Hands              Tmut           0%         N/A       100%        5
 Lightning Bolt           Conj/Air       0%         1d11      100%        5
 Manifold Assault         Tloc           0%         N/A       100%        5
 Yara's Violent Unravell  Hex/Tmut       0%         3d3       100%        5
 Death Channel            Necr           0%         N/A       100%        6
 Enfeeble                 Hex            0%         N/A       100%        7
 Lehudib's Crystal Spear  Conj/Erth      0%         10d2      100%        8
 Blink                    Tloc           Unusable   N/A       N/A         2
 Swiftness                Air            Unusable   N/A       N/A         3

Dungeon Overview and Level Annotations

Branches:
Dungeon (15/15) Zot: 25269  Temple (1/1) D:4 Zot: 5884    Lair (6/6) D:8 Zot: 24819
 Shoals (0/4) Lair:4       Spider (1/4) Lair:4 Zot: 5979   Slime (0/5) Lair:6
    Orc (2/2) D:9 Zot: 10569     Elf (0/3) Orc:2        Vaults (0/5) D:13
 Depths (1/4) D:15 Zot: 5975  Bailey (visited)

Altars:
Elyvilon
Gozag
Hepliaklqana
Kikubaaqudgha
Makhleb
Nemelex Xobeh
Okawaru
Qazlal
Ru
Sif Muna
Trog
Uskayaw
Vehumet
Xom
Yredelemnul
Zin
Jiyva

Shops:
D:4 :   D:5 :   D:7 [*   D:8 !   D:11 *   D:15 :[*[   Orc:2 [!*!*

Annotations:
D:12 3 runed translucent doors, exclusion: 3 doors, buh's ghost, journeyman FoHu
Lair:3 1 runed translucent door, exclusion: door, samgaumpmail's ghost, journeyman TrEE


Innate Abilities, Weirdness & Mutations

Your life essence is reduced to manifest your ancestor. (-10% HP)
You cannot be hasted, slowed, berserked, paralysed or teleported.
You can dig through walls and to a lower floor.
You have a pair of large antennae on your head. (SInv)
Your four strong arms can wield two-handed weapons with a shield.


Message History

The living lightning hits Teft!!
The spark wasp blinks!
A living lightning appears from out of your range of vision.
The living lightning hits Teft!
Teft is destroyed!
You block the spark wasp's attack.
The hell knight mumbles some strange prayers to its god against you.
The bolt of fire hits you!
You hear a shout!
The spark wasp stings you! The spark wasp shocks you!
A hell knight comes into view. It is wielding a +2 broad axe of pain.
Really quaff
M - 4 potions of heal wounds {!q!d}?
You feel much better.
The spark wasp buzzes angrily.
The spark wasp barely misses you. The spark wasp stings you!!
The spark wasp shocks you!
* * * LOW HITPOINT WARNING * * *
A hell knight comes into view. It is wielding a +4 demon trident.
Really quaff
M - 3 potions of heal wounds {!q!d}?
You feel much better. The spark wasp barely misses you.
The spark wasp stings you but does no damage.
You block the spark wasp's attack.
A hell knight comes into view.
It is wielding a +2 demon blade of pain.
The hell knight shouts!
You block the spark wasp's attack.
The hell knight mumbles some strange prayers to its god against you.
The bolt of fire hits the hell knight.
The hell knight completely resists.
The bolt of fire hits you!!!
* * * LOW HITPOINT WARNING * * *
A hell knight comes into view. It is wielding a +0 great sword.
There is an open door here.
Really quaff
M - 2 potions of heal wounds {!q!d}?
You feel much better. You block the spark wasp's attack.
The spark wasp stings you!
* * * LOW HITPOINT WARNING * * *
The spark wasp shocks you!
* * * LOW HITPOINT WARNING * * *
You block the spark wasp's attack.
The spark wasp stings you but does no damage.
The hell knight hits you with a +5 war axe!!
You die...

***+**********##.***,,,,,,,,*
*,* *,,>,...,,*,,,,,,,,*
*,******,***#.#*,+,,,,,,,,* **
*,,,,,,,,* #.#***,,,,,,,,* *,
***,****** #<# *,,,,,,,,* *,
*,* #.# *,,,,,,,,***, *,* #.#
*,,,,,,,,+,,, *,* #.#
*,..,,,,,,,,* *,*
####@####...,,,,,***, *,*
#..yyp.p.ppp,,,*≈* *, *,*
#...y.......,,,*≈***, ****,*
#.[.........,,,*≈≈≈≈*
*,,,.######..........^,,,**≈≈≈≈
*,*,.y....'...........,,,**≈≈≈≈
*,**#######...........,,,***≈≈≈
*,* #......>....,,,* **≈≈ *,*
#...........,,,* ***


You could see 3 spark wasps and 5 hell knights.

Vanquished Creatures
  An orc warlord (Orc:2)
  An entropy weaver (Lair:4)
  Josephine (D:12)
  4 hydras
  A boulder beetle (Lair:4)
  Erolcha (Orc:1)
  A catoblepas (Lair:2)
  A merfolk avatar (Lair:6)
  An ogre mage (D:14)
  3 two-headed ogres
  3 centaur warriors
  6 death yaks (Lair:6)
  Amaemon (Lair:1)
  Sonja (D:12)
  A pharaoh ant (Spider:1)
  A sea snake (Lair:6)
  Lodul (D:13)
  2 harpies (Lair:6)
  4 orc knights
  2 deep elf pyromancers
  An oklob plant (Lair:5)
  12 ugly things
  2 orc sorcerers
  3 manticores
  3 cyclopes
  A moth of wrath (shapeshifter) (D:13)
  Maurice (Orc:1)
  13 elephants
  4 black mambas
  6 cane toads
  An orange demon (Lair:1)
  A cane toad (shapeshifter) (D:13)
  3 torpor snails
  An unseen horror (D:11)
  3 gargoyles
  Psyche (D:12)
  4 yaktaurs (D:15)
  6 komodo dragons
  5 rime drakes
  A tengu conjurer (D:14)
  2 merfolk (shapeshifter)
  3 meliai
  9 trolls
  5 polar bears
  A hornet (Lair:6)
  30 blink frogs
  Prince Ribbit (D:5)
  A blink frog (shapeshifter) (D:13)
  7 dream sheep
  Sigmund (D:5)
  A snapping turtle (Lair:6)
  A culicivora (Spider:1)
  7 wraiths
  66 yaks
  A yak (shapeshifter) (D:14)
  A spriggan (Lair:4)
  5 wyverns
  3 basilisks
  3 steam dragons
  4 redbacks (Spider:1)
  7 vampire mosquitoes
  5 wargs
  17 water moccasins
  Duvessa (D:5)
  An ice beast (D:6)
  31 orc warriors
  2 black bears
  9 centaurs
  33 wolves
  17 ogres
  A phantom (D:5)
  5 kobold brigands (Bailey)
  10 bullfrogs
  Blork the orc (D:4)
  A gnoll sergeant (D:11)
  A necrophage (D:5)
  2 scorpions
  8 wights
  Dowan (D:5)
  17 killer bees
  2 electric eels (D:10)
  4 hounds
  2 jellies
  7 orc priests
  19 orc wizards
  3 iguanas
  5 hell rats (Lair:6)
  10 gnolls
  6 adders
  A shadow imp (D:7)
  2 white imps
  An ufetubus (D:5)
  A worm (D:2)
  A dart slug (D:4)
  61 orcs
  9 ball pythons
  13 endoplasms
  A giant cockroach (D:1)
  11 goblins
  12 hobgoblins
  3 jackals (D:4)
  11 kobolds
  5 quokkas
  5 bats
  3 frilled lizards (D:1)
  7 rats
636 creatures vanquished.

Vanquished Creatures (collateral kills)
  2 hydras
  2 ice dragons (D:15)
  A boulder beetle (Lair:6)
  A two-headed ogre (D:14)
  2 death yaks
  2 ugly things (D:14)
  A manticore (D:12)
  2 black mambas
  Maggie (D:7)
  An elephant (Lair:2)
  4 cane toads
  2 rime drakes (Lair:6)
  A yaktaur (D:15)
  A troll (Orc:1)
  A meliai (D:14)
  A hornet (Lair:6)
  A wraith (D:12)
  8 yaks
  A vampire mosquito (D:10)
  A water moccasin (D:8)
  4 orc warriors
  3 wolves
  A sky beast (D:7)
  3 centaurs
  5 ogres
  2 kobold brigands (Bailey)
  2 bullfrogs
  A killer bee (Lair:4)
  A hound (Lair:1)
  An orc priest (Orc:1)
  3 orc wizards
  10 orcs
72 creatures vanquished.

Vanquished Creatures (others)
  5 knights
  An orc (D:12)
  A bush (Lair:6)
  55 fungi
  92 plants
154 creatures vanquished.

Grand Total: 862 creatures vanquished

Notes
Turn   | Place    | Note
-------+----------+-------------------------------------------
     0 | D:1      | buhh the Formicid Hunter began the quest for the Orb.
     0 | D:1      | Reached XP level 1. HP: 16/16 MP: 1/1
    62 | D:1      | Reached XP level 2. HP: 7/22 MP: 2/2
   373 | D:1      | Reached XP level 3. HP: 27/27 MP: 3/3
   853 | D:1      | Identified a scroll of acquirement
   853 | D:1      | Acquired the +6 arbalest "Damnation" {damnation}
   853 | D:1      | Found the +6 arbalest "Damnation" {damnation}
  1268 | D:2      | Reached XP level 4. HP: 30/33 MP: 4/4
  1310 | D:2      | Found a faded altar of an unknown god.
  1349 | D:2      | Found a hide-covered altar of Uskayaw.
  1851 | D:3      | Reached XP level 5. HP: 38/38 MP: 5/5
  2499 | D:4      | Noticed Blork the orc
  2500 | D:4      | Killed Blork the orc
  2501 | D:4      | Reached XP level 6. HP: 44/44 MP: 6/6
  2511 | D:4      | Noticed a black bear
  2512 | D:4      | Killed a black bear
  2653 | D:4      | Found a staircase to the Ecumenical Temple.
  2764 | Temple   | Entered the Ecumenical Temple
  2842 | Temple   | Became a worshipper of Hepliaklqana the Forgotten
  3053 | D:4      | Found Ixuqujo's Book Emporium.
  3178 | D:4      | Noticed an ogre
  3179 | D:4      | Killed an ogre
  3180 | D:4      | Reached XP level 7. HP: 50/50 MP: 7/7
  3455 | D:4      | Reached * piety under Hepliaklqana
  3685 | D:5      | Entered Level 5 of the Dungeon
  3686 | D:5      | Found Ijyfruto's Book Shoppe.
  3688 | D:5      | Noticed Duvessa
  3689 | D:5      | Killed Duvessa
  3689 | D:5      | Noticed Sigmund
  3691 | D:5      | Killed Sigmund
  3692 | D:5      | Reached XP level 8. HP: 50/50 MP: 8/8
  3693 | D:5      | Noticed Dowan
  3697 | D:5      | Killed Dowan
  4109 | D:5      | Noticed Prince Ribbit
  4114 | D:5      | Killed Prince Ribbit
  4214 | D:5      | Reached ** piety under Hepliaklqana
  4224 | D:5      | Remembered your ancestor Teft as a knight
  4238 | D:6      | Reached skill level 11 in Crossbows
  4244 | D:6      | Reached XP level 9. HP: 54/54 MP: 9/9
  4373 | D:6      | Found a stormy altar of Qazlal.
  4906 | D:7      | Reached *** piety under Hepliaklqana
  4915 | D:7      | Found a flagged portal.
  4920 | Bailey   | Entered a bailey
  5074 | Bailey   | Noticed an orc knight
  5081 | Bailey   | Killed an orc knight
  5082 | Bailey   | Reached XP level 10. HP: 50/60 MP: 10/10
  5378 | Bailey   | Found an iron altar of Okawaru.
  5392 | Bailey   | Identified the +0 robe of Vexation {Stlth+}
  5556 | D:7      | Noticed Maggie
  5559 | D:7      | Killed Maggie
  5580 | D:7      | Found the +6 shillelagh "Devastator" {shatter}
  5673 | D:7      | Found Dopruack's Antique Armour Shoppe.
  5889 | D:7      | Found Rutaar's General Store.
  5898 | D:7      | Bought a scroll of identify for 24 gold pieces
  6416 | D:8      | Found Fajeg's Distillery.
  6434 | D:8      | Reached skill level 15 in Crossbows
  6443 | D:8      | Bought a potion of curing for 42 gold pieces
  6443 | D:8      | Bought a potion of heal wounds for 70 gold pieces
  6570 | D:8      | Reached XP level 11. HP: 64/64 MP: 11/11
  6756 | D:8      | Found a staircase to the Lair.
  6897 | D:8      | Noticed a manticore
  6902 | D:8      | Killed a manticore
  6903 | D:8      | Reached skill level 4 in Fighting
  7032 | D:8      | Noticed a two-headed ogre
  7035 | D:8      | Killed a two-headed ogre
  7036 | D:8      | Reached skill level 5 in Fighting
  7336 | D:9      | Reached skill level 6 in Fighting
  7389 | D:9      | Reached **** piety under Hepliaklqana
  7400 | D:9      | Found a basalt altar of Yredelemnul.
  7454 | D:9      | Identified the +7 flail of Blind Justice {flame, rElec
                  | rPois Int-3 Dex-2}
  7613 | D:9      | Reached skill level 7 in Fighting
  7709 | D:9      | Found a staircase to the Orcish Mines.
  8081 | D:10     | Entered Level 10 of the Dungeon
  8441 | D:10     | Reached skill level 8 in Fighting
  8577 | D:10     | Found a bloodstained altar of Trog.
  8578 | D:10     | Found a radiant altar of Vehumet.
  9062 | D:11     | Reached skill level 9 in Fighting
  9112 | D:11     | Noticed a manticore
  9126 | D:11     | Killed a manticore
  9172 | D:11     | Noticed a manticore
  9176 | D:11     | Killed a manticore
  9226 | D:11     | Reached skill level 10 in Fighting
  9363 | D:11     | Reached XP level 12. HP: 88/88 MP: 12/12
  9503 | D:11     | Found Peen's Neck Hole.
  9513 | D:11     | Bought a +2 cloak of poison resistance for 296 gold pieces
  9619 | D:11     | Reached skill level 11 in Fighting
  9819 | D:12     | Noticed Sonja
  9821 | D:12     | Killed Sonja
  9828 | D:12     | Reached skill level 12 in Fighting
  9847 | D:12     | Noticed Josephine
  9855 | D:12     | Killed Josephine
  9996 | D:12     | Found a runed translucent gate.
  9996 | D:12     | Found a runed translucent gate.
  9997 | D:12     | Found a runed translucent gate.
  9998 | D:12     | Found the +5 demon whip "Spellbinder" {antimagic, Will+}
 10081 | Lair:1   | Entered Level 1 of the Lair of Beasts
 10167 | Lair:1   | Reached skill level 13 in Fighting
 10449 | Lair:1   | Reached skill level 14 in Fighting
 10486 | Lair:1   | Reached ***** piety under Hepliaklqana
 10551 | Lair:1   | Reached XP level 13. HP: 102/102 MP: 13/13
 10631 | Lair:1   | Noticed Amaemon
 10638 | Lair:1   | Killed Amaemon
 10753 | Lair:1   | Reached skill level 15 in Fighting
 11232 | Lair:2   | Noticed a catoblepas
 11235 | Lair:2   | Killed a catoblepas
 11423 | Lair:2   | Identified the amulet of Enimyul {Spirit rElec rPois}
 12071 | Lair:3   | Noticed a four-headed hydra
 12074 | Lair:3   | Killed a four-headed hydra
 12692 | Lair:3   | Reached XP level 14. HP: 111/111 MP: 21/21
 12698 | Lair:3   | Reached skill level 16 in Fighting
 12950 | Lair:3   | Found a runed translucent door.
 12966 | Lair:3   | Identified the +9 hand crossbow "Gantutae" {flame, *Corrode
                  | rPois Int+3 Dex+4 Stlth+}
 12968 | Lair:3   | Noticed samgaumpmail's ghost (journeyman TrEE)
 12969 | Lair:3   | Identified the +5 spear "Amiruc" {antimagic, Str+2}
 13580 | Lair:4   | Found a hole to the Spider Nest.
 14412 | Lair:4   | Reached skill level 17 in Fighting
 14573 | Lair:4   | Found a staircase to the Shoals.
 15003 | Lair:5   | Found a hide-covered altar of Uskayaw.
 15580 | Lair:5   | Reached skill level 18 in Fighting
 15661 | Lair:5   | Reached ****** piety under Hepliaklqana
 16602 | Lair:6   | Entered Level 6 of the Lair of Beasts
 16983 | Lair:6   | Reached skill level 19 in Fighting
 17252 | Lair:6   | Reached XP level 15. HP: 125/125 MP: 22/22
 17685 | Lair:6   | Reached skill level 20 in Fighting
 17845 | Lair:6   | Found a viscous altar of Jiyva.
 17845 | Lair:6   | Found a staircase to the Slime Pits.
 18192 | Lair:6   | Identified the +4 hand axe "Ekhlo" {antimagic, Str+5}
 18694 | D:12     | Noticed Psyche
 18696 | D:12     | Killed Psyche
 18964 | D:12     | Noticed buh's ghost (journeyman FoHu)
 19031 | D:13     | Noticed Lodul
 19036 | D:13     | Killed Lodul
 19234 | D:13     | Found a gate to the Vaults.
 20520 | D:15     | Entered Level 15 of the Dungeon
 20529 | D:14     | Reached XP level 16. HP: 112/133 MP: 16/23
 20855 | Orc:1    | Entered Level 1 of the Orcish Mines
 20873 | Orc:1    | Noticed Erolcha
 20876 | Orc:1    | Killed Erolcha
 20951 | Orc:1    | Noticed Maurice
 20955 | Orc:1    | Killed Maurice
 21021 | Orc:2    | Entered Level 2 of the Orcish Mines
 21779 | Orc:2    | Found Saten's Gadget Gallery.
 21896 | Orc:2    | Found a staircase to the Elven Halls.
 22023 | Orc:2    | Found Qidiq's Distillery.
 22023 | Orc:2    | Found Wuduorhu's General Store.
 22025 | Orc:2    | Found Sanite's Distillery.
 22027 | Orc:2    | Found Ykkusuim's Antique Armour Emporium.
 22031 | Orc:2    | Bought a potion of ambrosia for 104 gold pieces
 22031 | Orc:2    | Bought 2 potions of curing for 78 gold pieces
 22031 | Orc:2    | Bought 2 potions of curing for 78 gold pieces
 22031 | Orc:2    | Bought a potion of curing for 39 gold pieces
 22031 | Orc:2    | Bought a potion of invisibility for 104 gold pieces
 22032 | Orc:2    | Bought a potion of curing for 48 gold pieces
 22032 | Orc:2    | Bought a scroll of magic mapping for 56 gold pieces
 22032 | Orc:2    | Bought a ring of protection from cold for 400 gold pieces
 22034 | Orc:2    | Bought a potion of brilliance for 60 gold pieces
 22034 | Orc:2    | Bought a potion of curing for 45 gold pieces
 22034 | Orc:2    | Bought 2 potions of curing for 90 gold pieces
 22034 | Orc:2    | Bought a potion of curing for 45 gold pieces
 22034 | Orc:2    | Bought a potion of brilliance for 60 gold pieces
 22034 | Orc:2    | Bought a potion of mutation for 120 gold pieces
 22039 | Orc:2    | Bought a ripped robe for 176 gold pieces
 22039 | Orc:2    | Identified the +1 robe of Rationality {Dex+4} (You bought
                  | it in a shop on level 2 of the Orcish Mines)
 22800 | D:15     | Found Zeastreq's Armour Shop.
 22803 | D:15     | Found Huytek's General Store.
 22806 | D:15     | Found Atied's Book Shop.
 22807 | D:15     | Found Jomait's Antique Armour Shop.
 22816 | D:15     | Bought a fabulously ornate robe for 159 gold pieces
 22816 | D:15     | Identified the +2 robe "Agromead" {rC+ Will++ Slay-2} (You
                  | bought it in a shop on level 15 of the Dungeon)
 22826 | D:15     | Bought a potion of heal wounds for 85 gold pieces
 22826 | D:15     | Bought a potion of might for 68 gold pieces
 23070 | D:15     | Found a staircase to the Depths.
 23502 | Spider:1 | Entered Level 1 of the Spider Nest
 23904 | Depths:1 | Entered Level 1 of the Depths
 23928 | Depths:1 | Slain by a hell knight

Illustrated notes

Levels and vault maps discovered:
D:1:      doesnt_arrival_eight_statues, layout_loops_corners,
          kennysheep_pointless_box, minmay_tromino_v4_a
D:2:      layout_loops_ring, hellmonk_ecumenical_altar_crossroads, basic_altar
D:3:      layout_loops_ring
D:4:      layout_basic, temple_statues, serial_shops, kennysheep_mini_moat,
          minmay_misc_feat_diagonals, minmay_box_of_dots, uniq_blork_the_orc
D:5:      layout_basic, serial_shops, shop, uniq_sigmund, uniq_prince_ribbit1,
          uniq_duvessa
D:6:      layout_loops_ring, mainiacjoe_overflow_24_doors
D:7:      layout_basic, serial_shops, kennysheep_mini, nicolae_lakefront_shop,
          enter_bailey_3, uniq_maggie
D:8:      layout_rooms, minmay_lair_entry_grove, serial_shops, shop,
          kennysheep_cross_bottleneck, minmay_misc_feat_cross
D:9:      layout_irregular_city, mainiacjoe_overflow_chevrons, orc_0_dummy
D:10:     layout_loops_ring, mainiacjoe_overflow_divided_tiny, serial_bayou,
          serial_bayou_pond_c, serial_bayou_pond_c, serial_bayou_pond_d,
          serial_bayou_ford_a
D:11:     layout_roguey, nicolae_shop_sticking_my_neck_out
D:12:     layout_rooms, gammafunk_ghost_spectres, nicolae_figureground_sparkle,
          uniq_psyche, uniq_josephine, uniq_sonja
D:13:     layout_loops_ring, david_vaults_2, uniq_lodul
D:14:     layout_basic, drop_trap
D:15:     grunt_enter_depths_hoard, layout_rooms, minmay_shop_grid_forest
Temple:   regret_index_temple_mists
Lair:1:   beast_lair_carwin_large_2, layout_small_grid, uniq_amaemon
Lair:2:   layout_cave_pods, infiniplex_staircase_pool_2
Lair:3:   wander_river, layout_cave_pods, ebering_ghost_funeral_grove
Lair:4:   layout_loops_ring, elwin_shoals_entry_rocks,
          hellmonk_spider_entry_not_the_bees, chequers_serial_rivers_small_3,
          grunt_forest_stairs_clearing
Lair:5:   layout_layer_cave, lemuel_oklob_altar
Lair:6:   gammafunk_lair_ancient_temple, layout_regular_city,
          dpeg_slime_entry_enclosed_altar, dreamdust_gnoll_shepherd
Spider:1: layout_spider_delve, hangedman_spider_tarantella_strand
Orc:1:    layout_diamond_mine, uniq_maurice, uniq_erolcha
Orc:2:    st_orc_rangers, layout_caves, nicolae_shop_gadgets
Depths:1: layout_gridlike, abyss_entry, ebering_ghost_disaster_area,
          nicolae_hell_entry_hellmouth_sunbeams, chequers_serial_rivers_micro_e,
          evilmike_butchery

Skill      XL: |  1  2  3  4  5  6  7  8  9 10 11 12 13 14 15 16 |
---------------+-------------------------------------------------+-----
Crossbows      | 5 6 7 8 9 11 13 15 16 17 | 17.0
Fighting       | 10 14 15 19 20 | 20.0
Invocations    | 10 | 10.0
Armour         | 9 10 | 10.6
Shields        | 8 |  8.1
Dodging        | |  1.7
Stealth        | |  1.2

Action                   |  1- 3 |  4- 6 |  7- 9 | 10-12 | 13-15 | 16-18 || total
-------------------------+-------+-------+-------+-------+-------+-------++-------
 Fire: Hand crossbow     |    49 |     2 |       |     6 |    21 |       ||    78
       Arbalest          |    11 |    64 |    79 |   206 |   446 |   155 ||   961
Invok: Ancestor Life: Kn |       |       |     1 |       |       |       ||     1
       Ancestor Identity |       |       |     1 |       |       |       ||     1
       Recall Ancestor   |       |       |       |       |     3 |     1 ||     4
       Transference      |       |       |       |       |     4 |       ||     4
       Idealise          |       |       |       |       |       |     2 ||     2
 Abil: Dig               |     2 |       |       |       |       |       ||     2
Evoke: Wand              |       |       |       |     1 |     5 |       ||     6
  Use: Scroll            |     5 |     5 |     5 |     4 |    11 |     2 ||    32
       Potion            |       |       |       |       |       |     4 ||     4
Armor: Leather armour    |     4 |       |       |     1 |     9 |       ||    14
       Robe              |       |       |       |       |       |     5 ||     5
       Ice dragon scales |       |       |       |       |       |     3 ||     3
Dodge: Dodged            |    13 |     2 |     4 |     7 |    29 |    22 ||    77
Block: Other             |       |       |       |     2 |       |       ||     2
       Reflection        |       |       |       |     1 |       |    10 ||    11
       Buckler           |       |       |       |       |    21 |    49 ||    70

Table legend: (Time is in decaauts)
 A = Elapsed time spent in this place.
 B = Non-inter-level travel time spent in this place.
 C = Inter-level travel time spent in this place.
 D = Time resting spent in this place.
 E = Time spent auto-exploring this place.
 F = Levels seen in this place.
 G = Mean time per level.
                   A        B        C        D        E       F      G
               +--------+--------+--------+--------+--------+-----+--------+
         Total |  24222 |  21459 |   2763 |   3540 |  14551 |  27 |  897.1 |
       Dungeon |  13275 |  11767 |   1508 |   1113 |   8992 |  15 |  885.0 |
        Temple |    115 |    103 |     12 |      0 |     81 |   1 |  115.0 |
          Lair |   8770 |   7619 |   1151 |   1779 |   4613 |   6 | 1461.7 |
   Spider Nest |     20 |     20 |      0 |      0 |      0 |   1 |   20.0 |
  Orcish Mines |   1430 |   1339 |     91 |    279 |    807 |   2 |  715.0 |
        Depths |     24 |     24 |      0 |      0 |      0 |   1 |   24.0 |
        Bailey |    586 |    586 |      0 |    369 |     57 |   1 |  586.0 |
               +--------+--------+--------+--------+--------+-----+--------+

Top non-repeatable levels by time:
  Lair:3: 2046 daAuts
  Lair:5: 1917 daAuts
  Lair:4: 1493 daAuts
    D:14: 1364 daAuts
  Lair:6: 1362 daAuts
     D:1: 1277 daAuts
  Lair:1: 1168 daAuts
     D:8: 1136 daAuts
     D:4: 1108 daAuts
    D:10: 998 daAuts
   Orc:2: 973 daAuts
    D:11: 935 daAuts
    D:13: 883 daAuts
     D:9: 880 daAuts
  Lair:2: 782 daAuts
